 Dungeon Crawl Stone Soup version 0.29-a0-802-g34511f41fd (webtiles) character file.

Game seed: 16417528794506198363

5 bande the Covered (level 1, 0/14 HPs)
             Began as a Gargoyle Fighter on July 4, 2022.
             Slain by a gnoll
             ... wielding a +0 whip
              (3 damage)
             ... on level 1 of the Dungeon.
             The game lasted 00:00:55 (345 turns).

bande the Covered (Gargoyle Fighter)                 Turns: 345, Time: 00:00:56

Health: 0/14       AC: 13    Str: 19    XL:     1   Next: 80%
Magic:  1/1        EV:  5    Int:  8    God:
Gold:   42         SH:  4    Dex:  9    Spells: 0/0 levels left

rFire   . . .      SeeInvis .   a - +0 war axe
rCold   . . .      Faith    .   c - +0 buckler
rNeg    + . .      Spirit   .   i - +0 plate armour
rPois   ∞          Reflect  .   (no helmet)
rElec   +          Harm     .   (no cloak)
rCorr   .          Rampage  .   (no gloves)
Will    .....                   (no boots)
Stlth   ..........              (no amulet)
HPRegen 0.04/turn               (no ring)
MPRegen 0.07/turn               (no ring)

@: no status effects
A: sickness immunity, AC +2, negative energy resistance 1, electricity
resistance, torment resistance 1, petrification resistance
a: no special abilities


You were on level 1 of the Dungeon.
You visited 1 branch of the dungeon, and saw 1 of its levels.

You collected 42 gold pieces.

Inventory:

Hand Weapons
 a - a +0 war axe (weapon)
Armour
 c - a +0 buckler (worn)
 i - a +0 plate armour (worn)
Jewellery
 g - a ring of flight
Scrolls
 e - a scroll of noise {unknown}
 f - 2 scrolls of teleportation {unknown}
Potions
 b - 2 potions of mutation {unknown}
 d - 2 potions of might
 h - a potion of curing {unknown}


   Skills:
 + Level 3.3 Fighting
 + Level 1.8 Axes
 + Level 3.4 Armour
 + Level 3.4 Shields


You couldn't memorise any spells.
You didn't know any spells.
Your spell library was empty.

Dungeon Overview and Level Annotations

Branches:
Dungeon (1/15)

Altars:

Shops:
D:1 =


Innate Abilities, Weirdness & Mutations

You are immune to sickness and miasma.
Your stone body is resilient. (AC +2)
You are immune to poison.
You resist negative energy. (rN+)
You are resistant to electric shocks. (rElec)
You are resistant to unholy torment.
You are immune to petrification.


Message History

There is an entrance to Neta Cif's Jewellery Shoppe here.
You can access your shopping list by pressing '$'.
f - 2 scrolls labelled RULOAR NARYRI (gained 1)
A gnoll comes into view. It is wielding a +0 whip.
Found a stone staircase leading down.
The gnoll shouts!
A bat comes into view.
A goblin comes into view. It is wielding a +0 club.
The goblin shouts!
The bat closely misses you. You block the bat's attack.
The bat closely misses you. The gnoll completely misses you.
You closely miss the gnoll. The bat barely misses you.
The gnoll hits you with a +0 whip. The bat hits you but does no damage.
You completely miss the gnoll. You hit the bat.
The bat hits you but does no damage. The bat hits you.
The gnoll hits you with a +0 whip. The goblin hits you but does no damage.
The gnoll hits you with a +0 whip.
* * * LOW HITPOINT WARNING * * *
You are too injured to fight recklessly!
You are too injured to fight recklessly!
You are too injured to fight recklessly!
You are too injured to fight recklessly!
You are too injured to fight recklessly!
You are too injured to fight recklessly!
You are too injured to fight recklessly!
You are too injured to fight recklessly!
Unknown command.
You closely miss the gnoll. You slash the goblin!
You kill the goblin!
You block the bat's attack. The gnoll hits you but does no damage.
Unknown command.
You hit the gnoll.
The gnoll is moderately wounded.
The bat hits you but does no damage. x2; The gnoll hits you but does no damage. x2
You hit the gnoll.
The gnoll is severely wounded.
You hit the bat.
You kill the bat!
The gnoll hits you with a +0 whip.
You die...

..# .# #..##
### ##..#
#.###..########
#..............
#####..########
#......#
#.#.###..#
#........##
###..)@...#
#...g...#
............#
......####..#
...... .>#
...... ###
...... #####


You could see a gnoll.

Vanquished Creatures
  A goblin (D:1)
  A quokka (D:1)
  2 bats (D:1)
  3 rats (D:1)
7 creatures vanquished.

Notes
Turn   | Place    | Note
-------+----------+-------------------------------------------
     0 | D:1      | bande the Gargoyle Fighter began the quest for the Orb.
     0 | D:1      | Reached XP level 1. HP: 14/14 MP: 1/1
   305 | D:1      | Found Neta Cif's Jewellery Shoppe.
   345 | D:1      | Slain by a gnoll

Illustrated notes

Levels and vault maps discovered:
D:1:      lightli_molten_gateway, layout_basic,
          dilly_ecumenical_altar_fadedgnrine, serial_shops, nicolae_shop_trees

Action                   || total
-------------------------++-------
Melee: War axe           ||    20
Armor: Plate armour      ||    22
Dodge: Dodged            ||     9
Block: Buckler           ||     4

Table legend: (Time is in decaauts)
 A = Elapsed time spent in this place.
 B = Non-inter-level travel time spent in this place.
 C = Inter-level travel time spent in this place.
 D = Time resting spent in this place.
 E = Time spent auto-exploring this place.
 F = Levels seen in this place.
 G = Mean time per level.
                   A        B        C        D        E       F      G
               +--------+--------+--------+--------+--------+-----+--------+
         Total |    353 |    353 |      0 |      0 |    273 |   1 |  353.0 |
       Dungeon |    353 |    353 |      0 |      0 |    273 |   1 |  353.0 |
               +--------+--------+--------+--------+--------+-----+--------+

Top non-repeatable levels by time:
     D:1: 353 daAuts
